 Dungeon Crawl Stone Soup version 0.26.1-11-gd32895ea62 (webtiles) character file.

Game seed: 2386198749450289011

529 unlimited1921 the Firebug (level 6, 0/70 HPs)
             Began as a Demigod Fire Elementalist on July 12, 2021.
             Slain by Pikel
             ... wielding a +2 whip of electrocution
              (14 damage)
             ... on level 3 of the Dungeon.
             The game lasted 01:16:22 (8458 turns).

unlimited1921 the Firebug (DgFE)                    Turns: 8458, Time: 01:16:22

Health: 0/70       AC: 23    Str: 15    XL:     6   Next: 72%
Magic:  1/13       EV:  2    Int: 19    God:
Gold:   162        SH:  5    Dex: 16    Spells: 7/11 levels left

rFire    . . .     SeeInvis .   z - +0 short sword (freeze)
rCold    . . .     Faith    .   (no shield)
rNeg     + + +     Spirit   .   (armour currently unavailable)
rPois    +         Reflect  +   (helmet currently unavailable)
rElec    .         Harm     .   (cloak currently unavailable)
rCorr    .         Rampage  .   (gloves currently unavailable)
Will     .....     NoTele   +   (boots currently unavailable)
Stlth    ++........             r - amulet of reflection
HPRegen  0.21/turn              (no ring)
MPRegen  0.13/turn              (no ring)

@: tree-form
A: high mp 1
a: no special abilities


You were on level 3 of the Dungeon.
You were a tree.
You visited 1 branch of the dungeon, and saw 4 of its levels.

You collected 162 gold pieces.

Inventory:

Hand Weapons
 g - a +0 hand axe
 j - a +0 hunting sling
 k - a +0 falchion
 m - a +0 spear
 z - a +0 short sword of freezing (weapon)
 A - a +0 dagger
 E - a +2 vampiric dagger
 F - a +0 short sword of protection
Missiles
 d - 115 stones
 f - 43 bolts
 l - 8 poisoned darts (quivered)
 n - 31 sling bullets
 q - 42 arrows
Armour
 a - a +0 robe
 h - a +0 ring mail (melded)
 o - a +0 leather armour
 x - a +0 cloak (melded)
 B - a +0 helmet (melded)
Jewellery
 r - an amulet of reflection (around neck)
Scrolls
 b - 2 scrolls of teleportation
 p - a scroll of immolation
 u - 3 scrolls of remove curse
 v - a scroll of fog
 w - a scroll of enchant weapon {unknown}
 y - a scroll of random uselessness {unknown}
 C - a scroll of noise {unknown}
 D - a scroll of amnesia {unknown}
Potions
 c - a potion of might {unknown}
 e - a potion of lignification
 s - a potion of brilliance {unknown}
 t - a potion of flight {unknown}


   Skills:
 + Level 1.2 Fighting
 + Level 0.4 Polearms
 + Level 1.2 Slings
 + Level 0.9 Armour
 + Level 2.2 Dodging
 + Level 2.4 Stealth
 + Level 0.2 Shields
 + Level 3.1 Spellcasting
 + Level 3.2 Conjurations
 + Level 4.5 Fire Magic


You had 7 spell levels left.
You knew the following spells:

 Your Spells              Type           Power        Failure   Level
a - Foxfire               Conj/Fire      68%          3%          1
b - Conjure Flame         Conj/Fire      17%          9%          3

Your spell library contained the following spells:

 Spells                   Type           Power        Failure   Level
 Inner Flame              Hex/Fire       11%          19%         3
 Sticky Flame             Conj/Fire      17%          30%         4
 Fireball                 Conj/Fire      8%           63%         5


Dungeon Overview and Level Annotations

Branches:
Dungeon (4/15)
 Temple: D:4-7

Annotations:
D:3 Pikel


Innate Abilities, Weirdness & Mutations

You have an increased reservoir of magic. (+10% MP)


Message History

Pikel hits you but does no damage.
Throw: 11 darts (poison)
Press: ? - help, Q - select action, (/) - cycle Shift-Dir - straight line, f/p - Pikel
Aim: Pikel, wielding a +2 whip of electrocution and wearing a +0 robe (moderately wounded, poisoned, 51% to hit)
You throw a poisoned dart. The poisoned dart hits Pikel.
Pikel is moderately wounded.
Pikel hits you but does no damage.
Throw: 10 darts (poison)
Press: ? - help, Q - select action, (/) - cycle Shift-Dir - straight line, f/p - Pikel
Aim: Pikel, wielding a +2 whip of electrocution and wearing a +0 robe (moderately wounded, poisoned, 51% to hit)
You throw a poisoned dart. The poisoned dart closely misses Pikel.
You block Pikel's attack.
Throw: 9 darts (poison)
Press: ? - help, Q - select action, (/) - cycle Shift-Dir - straight line, f/p - Pikel
Aim: Pikel, wielding a +2 whip of electrocution and wearing a +0 robe (moderately wounded, poisoned, 51% to hit)
You throw a poisoned dart. The poisoned dart closely misses Pikel.
Pikel hits you with a +2 whip of electrocution.
* * * LOW HITPOINT WARNING * * *
You are electrocuted!
You die...

####.# #........... #....###
#.########## #########......#
#...# #
#......##...##.#######.########
#......##.>....................
###....[.##...##.#####.#)###.....
..'.....[...........K......#.....
###......##...##.#####.....#.....
####...(.....K♣# #..)..#.....
######.####...#### ##....#.....
#.............##### #....######
#..........#......# #....#...#
#..........#......# #....#...#
######'#####...^..#####........#
#.# #..................## #.#
#........§.........### ######.###
#.....................


You could see Pikel (poisoned).

Vanquished Creatures
  A lemure (D:4)
  Blork the orc (D:4)
  4 orc wizards
  An iguana (D:4)
  Natasha (thrice) (D:3)
  3 worker ants
  Robin (D:3)
  4 adders
  2 oozes
  An adder skeleton (D:4)
  2 worms
  2 dart slugs (D:1)
  5 leopard geckos
  8 orcs
  A ball python (D:4)
  6 bats
  2 giant cockroaches (D:3)
  18 goblins
  12 hobgoblins
  3 jackals (D:4)
  A quokka (D:4)
  5 frilled lizards
  A jackal skeleton (D:4)
  11 kobolds
  A leopard gecko skeleton (D:4)
  7 rats
106 creatures vanquished.

Vanquished Creatures (others)
  A bat (D:1)
  380 foxfires
381 creatures vanquished.

Grand Total: 487 creatures vanquished

Notes
Turn   | Place    | Note
-------+----------+-------------------------------------------
     0 | D:1      | unlimited1921 the Demigod Fire Elementalist began the quest
                  | for the Orb.
     0 | D:1      | Reached XP level 1. HP: 14/14 MP: 5/5
    69 | D:1      | Reached skill level 1 in Conjurations
   548 | D:1      | Reached skill level 3 in Fire Magic
  1176 | D:1      | Reached XP level 2. HP: 20/20 MP: 5/7
  2789 | D:2      | Reached XP level 3. HP: 26/26 MP: 5/8
  4186 | D:3      | Reached XP level 4. HP: 34/34 MP: 3/10
  4310 | D:3      | Noticed Natasha
  4318 | D:3      | Killed Natasha
  4319 | D:3      | Reached XP level 5. HP: 39/39 MP: 2/11
  4330 | D:3      | Noticed Natasha
  4343 | D:3      | Killed Natasha
  4749 | D:3      | Noticed Natasha
  4755 | D:3      | Killed Natasha
  4756 | D:3      | Reached skill level 4 in Fire Magic
  5665 | D:3      | Noticed Robin
  5684 | D:3      | Killed Robin
  6445 | D:3      | Reached XP level 6. HP: 30/46 MP: 5/13
  6795 | D:3      | Learned a level 3 spell: Conjure Flame
  7160 | D:4      | Noticed Blork the orc
  7185 | D:4      | Killed Blork the orc
  7186 | D:4      | Reached skill level 1 in Fighting
  7186 | D:4      | Reached skill level 1 in Slings
  7777 | D:4      | Noticed Pikel
  8458 | D:3      | Slain by Pikel

Illustrated notes

Levels and vault maps discovered:
D:1:      dpeg_arrival_fog, layout_basic, lemuel_old_faithful
D:2:      layout_loops_ring
D:3:      layout_basic, uniq_natasha, uniq_robin
D:4:      layout_cave_pools, led_sif_book, uniq_pikel, uniq_blork_the_orc

Skill      XL: |  1  2  3  4  5  6 |
---------------+-------------------+-----
Conjurations   | 1 2 3 |  3.2
Fire Magic     | 3 4 |  4.5
Stealth        | 2 |  2.4
Spellcasting   | 2 3 |  3.1
Dodging        | 2 |  2.2
Fighting       | 1 |  1.2
Slings         | 1 |  1.2
Polearms       | |  0.4
Armour         | |  0.9
Shields        | |  0.2

Action                   |  1- 3 |  4- 6 || total
-------------------------+-------+-------++-------
Melee: Hand axe          |     6 |       ||     6
       Spear             |    23 |     9 ||    32
       Short sword       |       |    12 ||    12
       Hunting sling     |       |     2 ||     2
 Fire: Hunting sling     |       |    37 ||    37
Throw: Dart              |       |     5 ||     5
 Cast: Foxfire           |    87 |   158 ||   245
       Conjure Flame     |       |    19 ||    19
  Use: Scroll            |     5 |     2 ||     7
       Potion            |     2 |     2 ||     4
 Stab: Sleeping          |     1 |       ||     1
Armor: Robe              |     5 |       ||     5
       Ring mail         |       |    18 ||    18
       Skin              |       |     8 ||     8
Dodge: Dodged            |    20 |    40 ||    60
Block: Other             |     5 |    17 ||    22
       Reflection        |       |     1 ||     1
